Map: Deathaura LE

Players

DPGDark (Dark)

  • Race: Zerg Zerg
  • League: Master
  • Spawn Location: 5:00

Maru - Winner!

  • Race: Terran Terran
  • League: Master
  • Spawn Location: 11:00

Event: TSL 6

VOD

Have the link to the VOD?

Description

Time

  • Played on: Dec. 20, 2020, 3:40 p.m.
  • Length: 46:57

All games in this series

Show
View Real Time Build Order
Export as new Build Order

DPGDark Zerg 

Build Orders: Hatch First, Lurkers, Ravager All-In 

Get SALT Encoding   

  12  0:00  Drone  
  13  0:12  Overlord  
  13  0:16  Drone  
  14  0:30  Drone x2  
  16  0:47  Hatchery  
  15  0:50  Drone  
  15  0:53  Drone  
  17  0:57  Drone  
  18  1:08  Extractor  
  17  1:12  Spawning Pool  
  17  1:15  Drone  
  17  1:18  Drone  
  18  1:27  Drone  
  19  1:38  Drone  
  20  1:49  Drone  
  21  1:59  Queen x2  
  21  2:00  Zergling x4  
  27  2:14  Hatchery  
  26  2:19  Overlord  
  26  2:20  Drone  
  27  2:23  Drone  
  28  2:37  Queen  
  28  2:38  Drone x3  
  28  2:42  Metabolic Boost  
  33  2:48  Overlord  
  33  2:50  Drone  
  34  2:52  Drone  
  34  2:57  Drone  
  36  3:08  Drone  
  36  3:09  Drone x4  
  36  3:12  Roach Warren  
  40  3:15  Drone  
  40  3:18  Drone  
  42  3:22  Extractor x2  
  40  3:27  Drone x2  
  40  3:31  Overlord  
  42  3:36  Drone  
  44  3:41  Drone x2  
  44  3:42  Drone  
  46  3:52  Roach x5  
  46  3:54  Overlord  
  46  3:55  Overlord  
  56  3:58  Roach  
  58  4:10  Overlord  
  58  4:13  Roach x2  
  58  4:14  Roach  
  64  4:18  Zergling x10  
  64  4:21  Overlord  
  64  4:24  Zergling x2  
  70  4:28  Zergling x6  
  73  4:33  Ravager x3  
  73  4:36  Zergling x4  
  78  4:39  Zergling x4  
  80  4:50  Zergling x2  
  80  4:52  Ravager x2  
  83  5:05  Zergling x10  
  87  5:08  Zergling x4  
  87  5:09  Overlord  
  83  5:18  Zergling x6  
  84  5:23  Ravager x3  
  84  5:27  Zergling x4  
  89  5:34  Drone x2  
  91  5:36  Drone x3  
  91  5:38  Drone x2  
  96  5:48  Drone  
  96  5:49  Drone x2  
  95  5:57  Overlord x2  
  95  5:59  Lair  
  95  6:00  Overlord  
  95  6:01  Overlord  
  95  6:02  Evolution Chamber x2  
  93  6:12  Overlord  
  93  6:15  Drone x4  
  93  6:16  Drone  
  97  6:18  Drone x2  
  97  6:19  Drone x4  
  97  6:20  Drone  
  97  6:21  Drone  
  97  6:22  Drone x3  
  97  6:23  Queen  
  97  6:24  Drone  
  111  6:31  Drone x3  
  113  6:38  Zerg Ground Armor Level 1, Zerg Missile Weapons Level 1  
  113  6:39  Extractor  
  112  6:40  Extractor  
  112  6:41  Drone x3  
  112  6:42  Extractor  
  113  6:47  Drone x3  
  113  6:52  Roach x4  
  124  6:54  Roach  
  124  6:59  Hydralisk Den, Infestation Pit  
  124  7:14  Overlord  
  124  7:22  Overlord  
  123  7:30  Overlord  
  123  7:31  Hatchery  
  123  7:33  Drone x2  
  123  7:35  Hive  
  123  7:36  Glial Reconstitution, Lurker Den  
  123  7:37  Roach x3  
  123  7:38  Overlord  
  123  7:39  Overlord  
  123  7:44  Overlord x2  
  129  7:49  Overlord  
  129  7:50  Roach x4  
  137  7:56  Overlord  
  137  7:59  Roach x2  
  138  8:07  Roach x2  
  139  8:15  Overlord  
  140  8:20  Overlord  
  140  8:24  Overlord  
  140  8:26  Hatchery  
  139  8:30  Roach x4  
  139  8:31  Roach x2  
  151  8:34  Drone x3  
  151  8:36  Zerg Missile Weapons Level 2, Zerg Ground Armor Level 2  
  151  8:37  Hydralisk  
  154  8:50  Hydralisk x2  
  154  8:51  Viper x2  
  164  8:56  Zergling x2, Extractor  
  164  8:59  Extractor  
  164  9:00  Zergling x2  
  164  9:03  Zergling x2  
  164  9:05  Drone  
  166  9:10  Spore Crawler  
  166  9:11  Zergling x2  
  166  9:12  Lurker  
  165  9:20  Lurker x2  
  165  9:22  Zergling x6  
  170  9:27  Hydralisk x2  
  172  9:32  Drone x2  
  172  9:34  Zergling x4  
  176  9:42  Hydralisk x2  
  180  9:51  Drone x3  
  180  9:52  Viper x2  
  189  9:54  Extractor, Hatchery  
  189  9:55  Spore Crawler x2  
  189  9:58  Drone x4  
  189  10:01  Extractor  
  189  10:03  Adaptive Talons  
  189  10:06  Lurker  
  189  10:07  Zergling x16  
  189  10:12  Spore Crawler  
  189  10:13  Spore Crawler  
  196  10:14  Spore Crawler, Drone  
  196  10:19  Spore Crawler, Lurker  
  196  10:20  Spore Crawler, Drone x2  
  193  10:39  Drone x4  
  193  10:41  Lurker  
  193  10:42  Lurker  
  195  10:51  Drone x3  
  195  10:56  Hydralisk  
  200  10:57  Overlord  
  200  10:58  Hatchery  
  200  11:00  Seismic Spines  
  199  11:04  Overlord  
  199  11:15  Overlord, Zerg Ground Armor Level 3, Zerg Missile Weapons Level 3  
  199  11:21  Spore Crawler x2  
  199  11:23  Spore Crawler  
  180  11:26  Hydralisk x2  
  180  11:27  Hydralisk  
  180  11:30  Zergling x28  
  180  11:32  Zergling x2  
  192  11:35  Drone x3  
  195  11:42  Lurker  
  195  11:45  Hydralisk  
  196  11:50  Hydralisk x2  
  196  11:52  Hatchery  
  198  12:02  Lurker x2  
  198  12:06  Baneling Nest, Evolution Chamber  
  197  12:12  Overseer x3  
  197  12:13  Lurker  
  197  12:14  Drone x2  
  200  12:30  Extractor x2, Spore Crawler, Pneumatized Carapace  
  200  12:31  Spore Crawler  
  200  12:34  Overlord  
  196  12:40  Lurker x3  
  177  12:52  Hydralisk x4  
  177  12:53  Zergling x4  
  177  12:54  Zergling x22  
  177  12:56  Zerg Melee Weapons Level 1  
  177  12:57  Drone  
  196  13:12  Drone x6  
  199  13:17  Centrifical Hooks  
  199  13:22  Hatchery  
  199  13:23  Overseer  
  199  13:24  Baneling x5  
  199  13:25  Baneling x3  
  198  13:28  Drone  
  199  13:44  Spore Crawler x2  
  193  13:49  Drone x2  
  193  13:52  Drone x2  
  193  13:53  Drone x2  
  193  13:55  Baneling  
  199  13:56  Baneling x6  
  199  14:06  Hatchery  
  199  14:09  Drone x3  
  200  14:22  Grooved Spines  
  200  14:30  Hatchery  
  196  14:47  Spine Crawler  
  196  14:48  Zergling x18, Spine Crawler  
  196  14:49  Zergling x4, Spine Crawler  
  198  14:53  Lurker x2  
  199  15:11  Zergling x2  
  196  15:22  Hatchery  
  196  15:23  Drone x3  
  196  15:24  Spine Crawler  
  196  15:26  Zerg Melee Weapons Level 2  
  197  15:34  Muscular Augments  
  197  15:37  Baneling x5  
  197  15:39  Drone x2  
  196  15:55  Zergling x10  
  196  15:56  Baneling x2  
  196  15:57  Baneling x4  
  191  16:04  Zergling x2  
  191  16:05  Zergling x16  
  200  16:17  Zergling x2  
  200  16:34  Overlord x3  
  200  16:35  Overseer x4  
  200  16:36  Hatchery  
  199  16:47  Zergling x2  
  199  16:50  Baneling x8  
  195  17:01  Zergling x10  
  189  17:18  Overseer x7  
  189  17:22  Zergling x40  
  177  17:28  Zergling x4  
  170  17:32  Zergling x22  
  169  17:42  Zergling x44  
  173  17:45  Zerg Melee Weapons Level 3  
  173  17:47  Zergling x2  
  173  17:48  Zergling x10  
  173  17:49  Zergling x2  
  180  17:52  Zergling x4  
  180  17:55  Baneling x18  
  180  17:56  Baneling x8  
  180  17:57  Adrenal Glands  
  182  17:59  Zergling x16  
  182  18:00  Zergling x8  
  194  18:08  Zergling x8  
  194  18:09  Baneling x5  
  194  18:11  Zergling x4  
  194  18:12  Zergling x4  
  170  18:21  Zergling x12  
  150  18:29  Hydralisk x3  
  150  18:30  Hydralisk x9  
  150  18:33  Hydralisk x2  
  150  18:34  Hydralisk, Unknown  
  160  18:35  Unknown  
  160  18:37  Overseer x3  
  160  18:38  Hydralisk x7  
  174  18:44  Drone x3  
  174  18:47  Drone x2  
  174  18:48  Drone x2  
  181  18:50  Baneling x5  
  181  18:57  Hatchery  
  181  18:59  Hydralisk x4  
  177  19:07  Lurker x19  
  177  19:08  Lurker  
  192  19:11  Zergling x10  
  192  19:12  Zergling x4  
  192  19:16  Baneling x8  
  192  19:17  Spore Crawler  
  195  19:35  Viper  
  195  19:37  Zergling x6  
  165  19:57  Lurker x4  
  159  20:00  Zergling x58  
  159  20:03  Overseer  
  187  20:08  Zergling x10  
  187  20:11  Zergling x8, Overseer x3  
  187  20:13  Zergling x4  
  198  20:20  Zergling x2  
  198  20:21  Zergling x2  
  200  20:28  Baneling x9  
  200  20:29  Baneling x2  
  200  20:32  Spore Crawler, Drone  
  200  20:33  Spore Crawler  
  200  20:34  Baneling  
  200  20:35  Baneling x8  
  199  20:41  Overseer x3  
  199  20:42  Overseer x5, Baneling x6  
  199  20:45  Baneling x2  
  199  20:47  Zergling x2  
  200  20:56  Baneling x3  
  176  21:16  Overseer x3  
  176  21:18  Zergling x28  
  167  21:24  Hydralisk x8  
  183  21:26  Overlord x3  
  183  21:27  Overlord  
  183  21:30  Overseer x3  
  177  21:44  Zergling x18, Baneling  
  177  21:45  Baneling x9  
  180  21:48  Zergling x6  
  180  21:51  Zergling x18  
  180  21:52  Zergling x2  
  193  21:55  Lurker x7  
  193  21:57  Overlord  
  193  21:58  Overseer x2  
  193  21:59  Overseer x3  
  200  22:11  Baneling x2  
  200  22:17  Zergling x2  
  200  22:28  Zergling x16  
  200  22:36  Baneling  
  200  22:37  Baneling x7  
  200  22:43  Overseer x6  
  166  22:52  Zergling x36, Overseer x6  
  166  22:53  Zergling x24  
  166  22:54  Zergling x2  
  158  23:14  Hydralisk x2  
  158  23:15  Hydralisk x2  
  158  23:16  Zergling x8  
  158  23:17  Zergling x4, Overlord  
  158  23:19  Overlord  
  160  23:23  Baneling  
  160  23:24  Overseer, Baneling x8  
  160  23:26  Overlord  
  157  23:27  Hydralisk  
  157  23:28  Overlord x2  
  157  23:29  Overlord x4  
  159  23:36  Hydralisk x4  
  159  23:37  Overlord x2  
  159  23:38  Overlord, Hydralisk x4  
  175  23:44  Overseer x3  
  175  23:45  Hydralisk  
  175  23:46  Hydralisk x3  
  175  23:48  Overseer x2  
  183  23:54  Lurker x4  
  183  23:55  Lurker  
  188  23:56  Pathogen Glands  
  188  23:57  Burrow  
  188  24:00  Hydralisk x2  
  192  24:06  Lurker x6  
  192  24:07  Lurker x2  
  200  24:11  Baneling x5  
  200  24:12  Baneling x2  
  199  24:30  Zergling x12  
  188  24:36  Viper x3  
  184  24:38  Hydralisk x2  
  188  24:49  Hatchery  
  185  24:53  Neural Parasite  
  185  25:12  Spire  
  185  25:13  Spire  
  183  25:15  Extractor, Infestor  
  183  25:16  Extractor, Infestor x8  
  183  25:19  Overseer  
  183  25:20  Overseer x4  
  191  25:59  Spore Crawler x2  
  189  26:08  Infestor  
  189  26:09  Infestor x4  
  199  26:13  Spore Crawler  
  198  26:27  Zerg Flyer Weapons Level 1, Greater Spire  
  185  26:51  Overseer x8  
  177  27:08  Corruptor x8  
  177  27:09  Corruptor x3  
  199  27:16  Spore Crawler x2  
  177  28:08  Brood Lord x5  
  177  28:09  Brood Lord x6  
  197  28:15  Corruptor  
  197  28:26  Corruptor  
  197  28:27  Corruptor  
  194  28:32  Spore Crawler  
  194  28:33  Spore Crawler x2  
  195  28:34  Spore Crawler  
  195  28:35  Spore Crawler  
  195  28:36  Spore Crawler x2  
  191  28:45  Hatchery  
  188  28:51  Extractor  
  187  29:00  Spore Crawler  
  187  29:01  Spore Crawler  
  185  29:07  Spore Crawler x2, Drone x3  
  185  29:08  Spore Crawler x2  
  184  29:27  Zergling x30, Spore Crawler x6  
  184  29:31  Spore Crawler x3  
  192  29:32  Zergling x12  
  196  29:48  Queen  
  198  29:53  Queen  
  198  29:55  Spore Crawler  
  198  29:56  Spore Crawler x2, Queen  
  194  30:03  Infestor  
  196  30:23  Spore Crawler x2  
  196  30:24  Spore Crawler x3  
  196  30:25  Spore Crawler x2  
  196  30:26  Hydralisk x3  
  199  30:48  Zergling x10  
  186  31:24  Infestor x2  
  190  31:41  Zergling x2  
  190  31:42  Zergling x18  
  200  31:53  Overseer x9  
  186  32:03  Overseer x4  
  171  32:12  Zergling x34  
  186  32:19  Overlord  
  162  32:33  Overlord x4  
  162  32:34  Overlord  
  161  32:49  Overlord x2  
  161  32:58  Infestor x3  
  163  33:14  Infestor  
  163  33:17  Zergling x34  
  183  33:34  Zergling x12  
  183  33:37  Overseer  
  183  33:39  Overseer x2  
  188  33:45  Zergling x12  
  194  33:52  Overseer  
  194  33:57  Zergling x12  
  200  34:40  Overseer x2  
  176  35:10  Infestor x2  
  176  35:13  Zergling x10  
  176  35:14  Zergling x18  
  194  35:23  Zergling x2  
  194  35:24  Zergling x2  
  196  35:32  Zergling x4  
  197  35:58  Infestor  
  198  36:24  Zergling x4  
  200  36:33  Infestor x9  
  200  36:34  Infestor x10  
  200  36:35  Infestor x15  
  200  36:36  Infestor x17  
  200  36:37  Infestor x18  
  200  36:38  Infestor x16  
  200  36:39  Infestor x17  
  200  36:40  Infestor x15  
  200  36:41  Infestor x17  
  200  36:42  Infestor x15  
  200  36:43  Infestor x7  
  199  37:02  Infestor x3  
  199  37:20  Zergling x2  
  190  38:10  Viper x2  
  192  38:25  Zergling x16  
  199  38:39  Infestor x3  
  192  39:35  Infestor x3  
  192  39:38  Zergling x20  
  193  40:17  Infestor  
  187  40:50  Infestor  
  183  41:11  Infestor  
  185  41:19  Infestor  
  187  41:42  Infestor  
  188  42:08  Infestor  
  187  43:09  Queen x2  
  181  43:53  Queen  
Show
View Real Time Build Order
Export as new Build Order

Maru Terran - Winner!

Build Orders: Command Center First (CC) 

Get SALT Encoding   

  12  0:00  SCV  
  13  0:13  SCV  
  14  0:17  Supply Depot  
  14  0:25  SCV  
  15  0:38  SCV  
  16  0:51  SCV  
  17  0:59  Command Center  
  17  1:03  SCV  
  18  1:13  Barracks  
  18  1:15  SCV  
  19  1:23  Refinery  
  19  1:27  SCV  
  19  1:30  Refinery  
  20  1:39  SCV  
  21  1:44  Barracks  
  21  1:51  SCV  
  22  2:02  Barracks Reactor  
  22  2:03  Orbital Command  
  22  2:11  Orbital Command  
  22  2:26  Factory  
  22  2:29  SCV  
  23  2:30  Barracks Tech Lab  
  23  2:37  SCV  
  23  2:38  Marine x2  
  23  2:42  SCV  
  27  2:49  Stimpack, Marine  
  28  2:53  SCV  
  28  2:54  SCV  
  28  2:57  Marine x2  
  32  3:05  Supply Depot, SCV  
  32  3:06  SCV  
  32  3:08  Marine  
  35  3:13  Starport  
  35  3:15  Factory Reactor  
  35  3:19  SCV x2  
  37  3:21  Marine  
  37  3:26  Marine x2  
  40  3:28  Supply Depot  
  40  3:32  SCV x2  
  42  3:39  Marine  
  43  3:44  Marine x2  
  45  3:49  SCV x2  
  45  3:52  Supply Depot  
  47  3:56  Supply Depot  
  47  3:59  Medivac x2  
  47  4:01  Marine  
  47  4:02  SCV  
  54  4:08  SCV  
  54  4:12  Factory Reactor  
  54  4:14  SCV, Marine x2  
  57  4:19  Supply Depot  
  57  4:20  SCV, Marine  
  59  4:26  SCV  
  60  4:31  Marine  
  60  4:32  SCV, Marine  
  60  4:35  Command Center  
  63  4:38  SCV, Marine  
  63  4:44  SCV  
  66  4:46  Factory Tech Lab, Refinery  
  66  4:49  Bunker, Marine  
  66  4:52  Marauder  
  69  4:56  SCV, Marine  
  69  4:57  Bunker  
  69  4:59  SCV  
  71  5:07  Siege Tank  
  71  5:11  SCV  
  72  5:15  SCV  
  70  5:23  Supply Depot x2  
  70  5:35  Engineering Bay  
  70  5:36  Engineering Bay  
  70  5:46  Marine x3  
  66  5:58  Siege Tank  
  66  5:59  Medivac x2  
  66  6:00  SCV x2  
  75  6:04  Engineering Bay, Marine x2  
  75  6:05  Supply Depot  
  75  6:06  Orbital Command  
  77  6:15  Terran Infantry Armor Level 1, Terran Infantry Weapons Level 1  
  77  6:22  Barracks Tech Lab  
  77  6:27  Orbital Command  
  77  6:30  Barracks  
  77  6:32  Medivac x2, Barracks, Marine  
  77  6:33  Barracks, SCV  
  77  6:37  SCV  
  84  6:40  Combat Shield, Marine  
  84  6:42  Orbital Command  
  85  6:52  Supply Depot x2  
  85  6:53  Supply Depot  
  85  6:54  Marine  
  85  6:55  Siege Tank  
  85  6:58  SCV x2  
  91  7:10  SCV  
  91  7:12  SCV  
  91  7:13  SCV  
  94  7:20  Supply Depot  
  94  7:21  Barracks Reactor  
  94  7:22  Barracks Reactor, SCV  
  95  7:25  Marine  
  95  7:26  Marine x2  
  95  7:27  Barracks Reactor  
  95  7:28  Siege Tank  
  95  7:29  SCV x2  
  101  7:34  Medivac, SCV  
  104  7:38  Supply Depot  
  104  7:41  SCV x2  
  106  7:46  SCV  
  106  7:47  Marine  
  106  7:48  Marine  
  106  7:50  Supply Depot  
  108  7:52  Armory, Refinery  
  108  7:53  SCV  
  108  7:54  SCV  
  108  7:56  Marine  
  111  7:58  SCV  
  111  8:00  Siege Tank  
  111  8:02  Marine x4  
  111  8:05  SCV, Marine  
  119  8:06  SCV, Marine  
  119  8:11  SCV  
  123  8:13  Marine  
  123  8:16  Supply Depot  
  123  8:17  Supply Depot, Marine x2  
  123  8:18  SCV x2  
  128  8:20  Marine x2  
  128  8:23  SCV  
  128  8:25  Refinery x2  
  131  8:29  Medivac x2  
  131  8:30  SCV x2, Marine  
  131  8:32  Marauder  
  140  8:38  Supply Depot  
  140  8:40  Marine  
  140  8:41  Marine x6  
  146  8:57  Command Center  
  146  8:59  Medivac, Marine x6  
  154  9:06  Terran Infantry Weapons Level 2  
  154  9:07  Terran Infantry Armor Level 2  
  152  9:17  Marine  
  152  9:22  Siege Tank  
  156  9:24  SCV  
  156  9:25  Factory, Supply Depot  
  156  9:30  Missile Turret  
  154  9:33  SCV  
  154  9:35  Missile Turret  
  154  9:38  SCV  
  156  9:42  Marine x3  
  156  9:43  Marauder, Marine x4  
  156  9:44  Supply Depot  
  156  9:45  Supply Depot  
  162  9:59  Siege Tank  
  164  10:05  Barracks  
  164  10:07  Barracks x2  
  164  10:09  SCV x3  
  167  10:16  Factory Tech Lab  
  167  10:18  Terran Vehicle Weapons Level 1  
  167  10:21  Marine  
  167  10:22  Marauder, Marine x7  
  177  10:31  Siege Tank  
  170  10:51  Marine x2  
  170  10:52  Marauder, Siege Tank, Marine x5  
  182  10:58  Planetary Fortress  
  182  11:03  Siege Tank  
  185  11:05  Barracks Tech Lab x3  
  185  11:09  Armory  
  185  11:11  Ghost Academy  
  185  11:14  SCV x3  
  188  11:19  Command Center  
  188  11:21  Marine  
  188  11:22  Marauder  
  188  11:25  Marauder, Siege Tank, Marine  
  176  11:26  SCV x2  
  176  11:31  Marine x2  
  176  11:32  Marauder, Marine x3  
  171  11:35  Siege Tank  
  171  11:38  Marine  
  175  11:41  Marauder, Marine  
  175  11:42  Medivac x2  
  175  11:43  Marauder  
  184  11:47  Sensor Tower  
  184  11:57  Marauder, Siege Tank, Marine x4  
  184  11:58  Marauder  
  195  12:02  Marauder, Marine x2  
  196  12:08  Personal Cloaking  
  196  12:10  Sensor Tower, Terran Vehicle And Ship Armor Level 1  
  196  12:11  Terran Infantry Weapons Level 3  
  196  12:12  Command Center  
  196  12:17  Ghost  
  196  12:18  Marine  
  196  12:19  Marine  
  200  12:31  Command Center  
  195  12:45  Missile Turret  
  195  12:48  Ghost x4  
  182  12:55  Refinery  
  182  12:56  Siege Tank x2, Refinery  
  187  13:12  Marine x3  
  175  13:13  Marine x5  
  175  13:16  Orbital Command, Ghost x2  
  175  13:17  SCV x3, Marine x2  
  192  13:28  Command Center  
  192  13:29  Missile Turret, SCV  
  192  13:30  Marine x2  
  195  13:34  Ghost x2, Enhanced Shockwaves  
  199  13:44  Concussive Shells  
  199  13:49  Factory, Terran Vehicle Weapons Level 2  
  199  13:50  Factory  
  198  14:13  Command Center  
  198  14:16  Supply Depot  
  198  14:23  Missile Turret, Ghost x2  
  200  14:26  Terran Vehicle And Ship Armor Level 2  
  200  14:27  Missile Turret, Terran Infantry Armor Level 3  
  200  14:29  Sensor Tower  
  196  14:47  Ghost x2  
  196  14:48  Orbital Command  
  196  14:51  Planetary Fortress  
  200  14:55  Factory Reactor  
  200  15:06  Factory Tech Lab  
  200  15:07  Missile Turret, Command Center  
  196  15:16  Sensor Tower  
  196  15:17  Missile Turret  
  196  15:19  Nuke  
  184  15:23  Refinery  
  184  15:24  Refinery  
  184  15:25  Siege Tank x3  
  184  15:26  Ghost x2  
  197  15:34  Planetary Fortress  
  197  15:38  Neosteel Armor, Missile Turret  
  197  15:55  Marauder x2, Marine  
  200  16:12  Command Center  
  192  16:18  Command Center  
  192  16:25  Terran Vehicle Weapons Level 3  
  192  16:26  Starport x3  
  192  16:53  Ghost  
  194  17:00  Siege Tank  
  194  17:01  Siege Tank  
  190  17:03  Planetary Fortress  
  190  17:05  Marauder  
  190  17:06  Siege Tank  
  179  17:22  Ghost x2  
  176  17:23  Marine x9  
  176  17:24  Widow Mine  
  176  17:25  Widow Mine  
  176  17:26  Marine  
  188  17:33  Siege Tank x2  
  187  17:38  Siege Tank  
  187  17:42  Ghost  
  187  17:43  Marine x4  
  187  17:44  Marine x4  
  194  17:47  Planetary Fortress  
  194  17:54  Widow Mine  
  194  17:55  Widow Mine, Drilling Claws  
  198  17:59  Marauder  
  198  18:01  Command Center  
  198  18:02  Sensor Tower  
  200  18:12  Terran Vehicle And Ship Armor Level 3  
  190  18:23  Ghost  
  158  18:27  Ghost x2  
  158  18:30  Siege Tank x3  
  158  18:31  Widow Mine x2  
  162  18:39  Unknown  
  162  18:40  Unknown  
  162  18:44  Sensor Tower  
  162  18:46  Ghost  
  162  18:47  Marine x6  
  170  18:51  Missile Turret  
  170  19:02  Siege Tank  
  173  19:07  Marauder, Marine  
  173  19:08  Marauder, Marine x7  
  185  19:18  Command Center  
  185  19:40  Siege Tank x2  
  191  19:45  Orbital Command  
  170  19:55  Siege Tank  
  170  19:58  Ghost x3  
  158  20:12  Siege Tank x2  
  158  20:13  Medivac x2, Sensor Tower  
  168  20:28  Siege Tank  
  171  20:37  Ghost x3  
  171  20:38  Ghost  
  179  20:44  Siege Tank  
  179  20:46  Command Center  
  182  20:58  Planetary Fortress  
  150  21:17  Ghost, Siege Tank x2  
  157  21:20  Orbital Command  
  157  21:23  Ghost  
  157  21:24  Ghost  
  160  21:38  Marauder, Marine x6  
  164  21:47  Marauder  
  164  21:53  Sensor Tower, Marauder  
  166  21:59  SCV  
  166  22:00  SCV x5  
  172  22:08  Marine x2  
  172  22:09  Marauder  
  172  22:12  SCV x4  
  180  22:17  Missile Turret  
  180  22:28  Ghost x2  
  180  22:29  Siege Tank  
  190  22:30  Siege Tank  
  190  22:34  Factory  
  190  22:38  Sensor Tower  
  169  23:01  Siege Tank  
  169  23:02  Siege Tank  
  149  23:20  Ghost, Marine x3  
  149  23:21  Marine x8  
  162  23:29  Factory Tech Lab  
  162  23:34  Siege Tank x2  
  168  23:36  SCV x2  
  168  23:37  SCV x4  
  168  23:38  Marine x3  
  168  23:39  Marauder  
  168  23:40  Liberator x4  
  191  23:47  Marine x5  
  196  23:48  SCV x2  
  198  23:56  SCV x2  
  198  24:00  Sensor Tower  
  177  24:33  Siege Tank  
  177  24:34  Siege Tank x2  
  177  24:37  Orbital Command  
  177  24:38  Orbital Command  
  172  24:51  Widow Mine x2  
  172  24:56  Liberator, Command Center  
  172  24:57  Liberator x3  
  172  24:59  Terran Ship Weapons Level 1  
  184  25:06  Siege Tank x3  
  193  25:09  SCV x6  
  193  25:10  SCV  
  200  25:22  Orbital Command  
  193  25:31  Orbital Command  
  190  25:39  Siege Tank x3  
  199  25:46  Missile Turret  
  197  25:59  Refinery  
  197  26:00  Refinery  
  197  26:01  Unknown  
  197  26:08  Planetary Fortress  
  197  26:10  Sensor Tower  
  197  26:12  Command Center  
  197  26:29  Hi-Sec Auto Tracking  
  197  26:32  Missile Turret x3  
  197  26:33  Missile Turret  
  197  26:38  Starport Reactor x3  
  197  26:40  Fusion Core  
  197  26:55  Orbital Command  
  197  26:57  Missile Turret  
  187  27:10  Siege Tank x3  
  196  27:16  Ghost x2  
  196  27:17  Terran Ship Weapons Level 2  
  191  27:57  Siege Tank x2  
  191  27:58  Advanced Ballistics, Nuke  
  190  28:26  Siege Tank  
  193  28:29  Siege Tank x2  
  199  28:46  Viking x2  
  199  28:47  Viking  
  196  28:50  Orbital Command  
  196  28:52  Viking x2  
  196  28:55  Viking x3  
  194  29:16  Viking x2  
  194  29:17  Viking  
  198  29:20  Refinery  
  200  29:24  Refinery  
  196  30:14  Viking x2  
  196  30:15  Viking  
  200  30:27  Terran Ship Weapons Level 3  
  200  30:38  Missile Turret  
  200  31:01  Missile Turret  
  192  31:19  Viking x3  
  192  31:20  Viking  
  194  31:37  Viking  
  187  32:11  Orbital Command  
  154  32:28  Orbital Command  
  154  32:29  Liberator x3  
  163  32:36  Liberator, Viking x3  
  166  32:44  Viking  
  166  32:57  Missile Turret  
  166  32:58  Refinery x2  
  166  33:08  Refinery  
  166  33:10  Marauder, Marine  
  169  33:38  Viking x4  
  169  33:39  Viking  
  179  33:56  Sensor Tower  
  179  33:59  Marine  
  179  34:00  Marine x11  
  191  34:06  Nuke  
  191  34:17  Marine  
  191  34:18  Marine  
  193  34:26  Missile Turret  
  193  34:35  Missile Turret  
  193  34:38  Missile Turret  
  193  34:47  Missile Turret  
  193  34:56  Missile Turret  
  177  35:04  Ghost x4  
  173  35:20  Marine x6  
  173  35:21  Marine x2  
  181  35:32  Ghost x2  
  181  35:33  Ghost, Marine  
  188  35:50  Ghost  
  190  36:01  Ghost x2  
  194  36:48  Liberator  
  177  40:57  Missile Turret  
  173  40:59  Missile Turret  
  173  41:06  Missile Turret  
  165  42:08  Ghost  
  165  42:09  Ghost x3  
  165  42:12  Liberator x2  
  165  42:13  Liberator x2  
  165  42:15  Liberator x2  
  188  42:16  Liberator x2  
  197  42:37  Ghost  
  187  43:28  Missile Turret  
  179  43:50  Orbital Command  
  179  44:02  Missile Turret  
  165  44:26  Missile Turret  
  153  45:44  Siege Tank x2  
Tags
 
Add a new tag
Caveats
  • Supply blocks, unpowered buildings, or Contaminate may cause inaccurate times.
  • Supply counts are checked every 10 seconds.